 Dungeon Crawl Stone Soup version 0.16.1-51-g6203257 (webtiles) character file.

60 uhvn the Insei (level 4, 0/24 HPs)
             Began as a Vine Stalker Monk on July 16, 2015.
             Slain by Natasha (7 damage)
             ... on level 3 of the Dungeon.
             The game lasted 00:04:10 (1323 turns).

uhvn the Insei (Vine Stalker Monk)                  Turns: 1323, Time: 00:04:10

Health: 0/24       AC:  3    Str: 14    XL:     4   Next: 6%
Magic:  0/5        EV: 13    Int: 10    God:
Gold:   104        SH:  0    Dex: 17    Spells: 0 memorised, 3 levels left

rFire  . . .     SeeInvis .       - Unarmed
rCold  . . .     Clarity  .     a - +0 robe
rNeg   . . .     SustAb   .     (no shield)
rPois  .         Gourm    .     (no helmet)
rElec  .         Spirit   +     (no cloak)
rCorr  .         Warding  .     (no gloves)
rMut   .         Stasis   .     m - +0 pair of boots
MR     .....                    (no amulet)
Stlth  ++........               (no ring)
                                (no ring)

@: not resistant to hostile enchantments, unstealthy
A: fangs 2, regeneration 1, magic shield, antimagic bite, no device heal 3, rot
immunity
a: no special abilities


You were on level 3 of the Dungeon.
You were not hungry.

You visited 1 branch of the dungeon, and saw 3 of its levels.

You collected 104 gold pieces.

Inventory:

Hand weapons
 c - a +0 dagger
 t - a +0 short sword
Armour
 a - a +0 robe (worn)
 m - a +0 pair of boots (worn)
Scrolls
 d - a scroll of teleportation {unknown}
 f - a scroll of fear {unknown}
 g - 4 scrolls of identify {unknown}
 k - 2 scrolls of enchant armour {unknown}
 l - a scroll of remove curse {unknown}
 n - a scroll of enchant weapon {unknown}
 q - a scroll of recharging {unknown}
Potions
 e - a potion of ambrosia {unknown}
 h - a potion of might {unknown}
 j - a potion of magic {unknown}
 o - a potion of heal wounds {unknown}
 r - a potion of brilliance {unknown}
 s - a potion of curing {unknown}
Comestibles
 b - 3 bread rations
 i - 2 meat rations
 p - a royal jelly
 u - a chunk of flesh


   Skills:
 + Level 3.1 Fighting
 * Level 1.3 Short Blades
 + Level 3.0 Dodging
 + Level 2.9 Stealth
 - Level 4.0 Unarmed Combat


You had 3 spell levels left.
You didn't know any spells.

Dungeon Overview and Level Annotations

Branches:
Dungeon (3/15)

Altars:
Ru

Annotations:
D:3 Natasha


Innate Abilities, Weirdness & Mutations

You have extremely sharp teeth.
Your natural rate of healing is unusually fast.
When hurt, damage is shared between your health and your magic reserves.
Your bite disrupts and absorbs the magic of your enemies.
Potions and wands cannot restore your health.
You are immune to rotting.


Message History

You continue eating. x2
You start resting.
Magic restored.
You feel sick.
You start resting.
You feel sick.
You are no longer poisoned.
Things that are here:
a club x2
Natasha, Servant of Life and Death comes into view.
Natasha hisses angrily.
Natasha casts a spell at you. The magic dart hits you! Natasha claws you!
You hit Natasha. Your bite misses Natasha.
Natasha is lightly wounded.
Natasha claws you!
* * * LOW HITPOINT WARNING * * *
You hit Natasha. Your punch misses Natasha.
Natasha is moderately wounded.
Natasha claws you!
You die...

.#. ... # ..##.#
...#.# #>...#####
.......... ####
#.######## ..#
#<(...#<########h#
##)##.#........#@#
#.#...........#.#
#.#..##########.#
#.#..# #.#
#.#############.#
#(..............#
#################


You could see Natasha.

Vanquished Creatures
  A gnoll (D:1)
  2 giant mites
  5 bats
  A giant cockroach (D:1)
  9 goblins
  5 hobgoblins (D:1)
  2 jackals (D:1)
  A ball python (D:1)
  A giant gecko (D:2)
  A giant newt (D:1)
  5 kobolds
  5 rats (D:1)
38 creatures vanquished.

Notes
Turn   | Place    | Note
--------------------------------------------------------------
     0 | D:1      | uhvn, the Vine Stalker Monk, began the quest for the Orb.
     0 | D:1      | Reached XP level 1. HP: 11/11 MP: 1/1
    20 | D:1      | Reached XP level 2. HP: 16/16 MP: 3/3
   218 | D:1      | Reached skill level 1 in Short Blades
   224 | D:1      | Reached XP level 3. HP: 16/20 MP: 4/4
   997 | D:2      | Found a sacrificial altar of Ru.
  1268 | D:3      | Reached XP level 4. HP: 19/24 MP: 5/5
  1316 | D:3      | Noticed Natasha
  1323 | D:3      | Slain by Natasha

Action                   |  1- 3 |  4- 6 || total
-------------------------+-------+-------++-------
Melee: Unarmed           |   110 |     5 ||   115
 Stab: Sleeping          |     1 |       ||     1
  Eat: Chunk             |       |     1 ||     1
